 Dungeon Crawl Stone Soup version 0.21-a0-529-g8c7b3f5 (webtiles) character file.

107 rgaf the Grave Robber (level 4, -1/30 HPs)
             Began as a Vampire Necromancer on Dec 10, 2017.
             Slain by Purgy (7 damage)
             ... on level 3 of the Dungeon.
             The game lasted 00:03:48 (3263 turns).

rgaf the Grave Robber (Vampire Necromancer)         Turns: 3263, Time: 00:03:49

Health: -1/30      AC:  2    Str:  7    XL:     4   Next: 56%
Magic:  1/8        EV: 18    Int: 18    God:
Gold:   167        SH:  0    Dex: 19    Spells: 4/9 levels left

rFire    . . .     SeeInvis +   h - +2 dagger (venom)
rCold    + + .     Gourm    .   (no shield)
rNeg     + + +     Faith    .   a - +0 robe
rPois    ∞         Spirit   .   (no helmet)
rElec    .         Reflect  .   (no cloak)
rCorr    .         Harm     .   (no gloves)
MR       .....                  (no boots)
Stlth    ++++++....             (no amulet)
HPRegen  0.00/turn              (no ring)
MPRegen  0.11/turn              (no ring)

@: agile, bloodless, non-regenerating
A: fangs 3, see invisible, unbreathing
a: Bat Form


You were on level 3 of the Dungeon.
You were bloodless.

You visited 1 branch of the dungeon, and saw 3 of its levels.

You collected 167 gold pieces.

Inventory:

Hand Weapons
 h - a +2 dagger of venom (weapon)
 j - a cursed +0 dagger
Armour
 a - a +0 robe (worn)
Scrolls
 e - a scroll of blinking {unknown}
 g - a scroll of enchant armour {unknown}
 k - 5 scrolls of identify {unknown}
 l - 2 scrolls of remove curse {unknown}
 m - 3 scrolls of fog {unknown}
 n - a scroll of fear {unknown}
Potions
 c - 17 potions of blood
 d - a potion of invisibility {unknown}
 f - 2 potions of agility
 i - 2 potions of curing {unknown}
 o - a potion of resistance {unknown}
 p - a potion of degeneration {unknown}
 q - a potion of flight {unknown}
 r - a potion of heal wounds {unknown}
Books
 b - a book of Necromancy

   Spells                             Type                      Level
   a - Pain                           Necromancy                   1
   b - Animate Skeleton               Necromancy                   1
   c - Vampiric Draining              Necromancy                   3
   d - Regeneration                   Charms/Necromancy            3
   e - Animate Dead                   Necromancy                   4
   f - Control Undead                 Necromancy                   4


   Skills:
 - Level 2.1 Dodging
 - Level 3.0 Stealth
 + Level 3.0 Spellcasting
 * Level 6.0 Necromancy


You had 4 spell levels left.
You knew the following spells:

 Your Spells              Type           Power        Failure   Level  Hunger
a - Pain                  Necr           ###.         1%          1    None
b - Animate Skeleton      Necr           N/A          1%          1    None
c - Vampiric Draining     Necr           ###.......   4%          3    ###....


Dungeon Overview and Level Annotations

Branches:
Dungeon (3/15)

Altars:
Wu Jian

Annotations:
D:3 Purgy


Innate Abilities, Weirdness & Mutations

You do not heal naturally.
You are immune to poison.
You have razor-sharp teeth.
You have supernaturally acute eyesight. (SInv)
You can survive without breathing.


Message History

There is an open door here.
Casting: Pain
Confirm with . or Enter, or press ? or * to list all spells.
Aiming: Pain
Press: ? - help, Shift-Dir - straight line, f/p - Purgy
Aim: Purgy (moderately wounded, chance to defeat MR: 88%) Purgy writhes in agony!
Purgy bites you.
* * * LOW HITPOINT WARNING * * *
Purgy claws you.
* * * LOW HITPOINT WARNING * * *
Purgy claws you.
* * * LOW HITPOINT WARNING * * *
Unknown command.
Purgy snarls, "Go!
Away!"
Purgy clenches his teeth.
Okay, then.
It was a potion of agility.
You feel agile all of a sudden. Purgy bites you!
You die...

#.# ###### #.# #....# #.#
#....# #.# ######....###.#
#######.#
.....+....'.Z.#+#.....#.#
####.#....##..........#?# #
#.....###)....<....#.#.#
#######..###...T@.....#.#.##
.........)..................
###.....<.#####.#.....#.#.##
#.......# #.#..####.#
#.......# #.#.%.....#
#.......# #.##.######
######... #.##.# #.#.#
#.##.# #.#.# #.##.#


You could see Purgy and a friendly rat skeleton.

Vanquished Creatures
  5 adders
  2 oozes (D:1)
  A worm (D:2)
  2 leopard geckos
  3 ball pythons
  4 giant cockroaches
  8 goblins
  3 hobgoblins
  3 jackals (D:2)
  4 bats
  3 frilled lizards
  4 kobolds
  6 rats
48 creatures vanquished.

Notes
Turn   | Place    | Note
-------+----------+-------------------------------------------
     0 | D:1      | rgaf the Vampire Necromancer began the quest for the Orb.
     0 | D:1      | Reached XP level 1. HP: 13/13 MP: 3/3
   219 | D:1      | Reached XP level 2. HP: 5/19 MP: 0/5
   761 | D:1      | Reached skill level 5 in Necromancy
  1338 | D:2      | Reached XP level 3. HP: 23/24 MP: 4/6
  1979 | D:2      | Found an ornate altar of the Wu Jian Council.
  2116 | D:2      | Reached XP level 4. HP: 11/30 MP: 2/8
  3187 | D:3      | Reached skill level 6 in Necromancy
  3205 | D:3      | Learned a level 1 spell: Animate Skeleton
  3209 | D:3      | Learned a level 3 spell: Vampiric Draining
  3213 | D:3      | Noticed Purgy
  3263 | D:3      | Slain by Purgy

Vault maps used:
D:1:      roderic_chinese_lattice_arrival, eino_curves_03
D:2:      nicolae_overflow_hidden_temple
D:3:      chequers_ecumenical_altar_lobes, uniq_purgy

Skill      XL: |  1  2  3  4 |
---------------+-------------+-----
Necromancy     | 5 6 |  6.0
Spellcasting   | 3 |  3.0
Dodging        | |  2.1
Stealth        | |  3.0

Action                   |  1- 3 |  4- 6 || total
-------------------------+-------+-------++-------
Melee: Dagger            |    27 |     9 ||    36
       Bite              |     2 |       ||     2
 Cast: Pain              |    45 |    25 ||    70
       Animate Skeleton  |       |     1 ||     1
       Vampiric Draining |       |     1 ||     1
  Use: Potion            |     2 |     1 ||     3
 Stab: Sleeping          |     5 |     3 ||     8
Armor: Robe              |     2 |     5 ||     7
Dodge: Dodged            |    24 |     6 ||    30

Table legend:
 A = Spawn XP
 B = Non-spawn XP
 C = Spawn XP percentage of total XP
 D = Spawn monster count
 E = Non-spawn monster count
 F = Spawn count percentage of total count
 G = Total turns spent on level
                    A         B        C        D         E        F      G
               +---------+---------+-------+---------+---------+-------+---------
         Total |       0 |     153 |   0.0 |       0 |      48 |   0.0 |  3263
               +---------+---------+-------+---------+---------+-------+---------
           D:1 |       0 |      39 |   0.0 |       0 |      16 |   0.0 |  1330
           D:2 |       0 |      84 |   0.0 |       0 |      21 |   0.0 |  1653
           D:3 |       0 |      30 |   0.0 |       0 |      11 |   0.0 |   280
               +---------+---------+-------+---------+---------+-------+---------
